 Dungeon Crawl Stone Soup version 0.29.1-1-gd02db6906a (webtiles) character file.

Game seed: 6019257247866364254

171 RascalDebosk the Magician (level 5, 0/38 HPs)
             Began as a Djinni Air Elementalist on Oct 19, 2022.
             Shot with an arrow by a centaur (16 damage)
             ... on level 4 of the Dungeon.
             The game lasted 00:15:22 (3916 turns).

RascalDebosk the Magician (Djinni Air Elementalist) Turns: 3916, Time: 00:15:22

Health: 0/38       AC:  2    Str:  7    XL:     5   Next: 81%
Gold:   184        EV: 13    Int: 19    God:
                   SH:  0    Dex: 13

rFire   + + .      SeeInvis .   s - +3 dagger
rCold   x . .      Faith    .   (no shield)
rNeg    . . .      Spirit   .   a - +0 robe
rPois   ∞          Reflect  .   (no helmet)
rElec   .          Harm     .   (no cloak)
rCorr   .          Rampage  .   (no gloves)
Will    .....                   (boots unavailable)
Stlth   ++........              (no amulet)
HPRegen 0.12/turn               (no ring)
MPRegen 0.00/turn               (no ring)

@: flying, very slightly contaminated
A: sickness immunity, fire resistance 2, cold vulnerability 1, float, innate
caster, HP casting, extra vitality 1
a: no special abilities


You were on level 4 of the Dungeon.
You visited 1 branch of the dungeon, and saw 4 of its levels.

You collected 184 gold pieces.

Inventory:

Hand Weapons
 s - a +3 dagger (weapon)
Armour
 a - a +0 robe (worn)
Magical Staves
 j - a staff of cold
Jewellery
 c - a ring of fire
Wands
 r - a wand of paralysis (11)
Scrolls
 b - a scroll of immolation {unknown}
 d - a scroll of vulnerability {unknown}
 f - a scroll of fog {unknown}
 g - a scroll of poison {unknown}
 h - 4 scrolls of identify {unknown}
 o - a scroll of teleportation {unknown}
 q - a scroll of silence {unknown}
Potions
 e - a potion of resistance {unknown}
 i - a potion of might {unknown}
 k - a potion of lignification {unknown}
 l - a potion of ambrosia {unknown}
 m - a potion of cancellation {unknown}
 n - a potion of curing {unknown}
 p - a potion of magic {unknown}


   Skills:
 + Level 2.2 Fighting
 + Level 3.5 Dodging
 - Level 1.5 Stealth
 * Level 3.7 Spellcasting


You couldn't memorise any spells.
You knew the following spells:

 Your Spells              Type           Power      Damage    Failure   Level
a - Shock                 Conj/Air       68%        1d7       3%          1
b - Static Discharge      Conj/Air       17%        3-6/arc   4%          2
c - Swiftness             Air            17%        N/A       9%          3
d - Airstrike             Air            8%         2d(2-18)  30%         4
e - Magic Dart            Conj           68%        1d6       3%          1
f - Blink                 Tloc           34%        N/A       4%          2
Your spell library was empty.

Dungeon Overview and Level Annotations

Branches:
Dungeon (4/15)
 Temple: D:4-7

Altars:


Innate Abilities, Weirdness & Mutations

You are immune to sickness and miasma.
You are immune to poison.
Your flesh is very heat resistant. (rF++)
You are vulnerable to cold. (rC-)
You float through the air rather than walking.
You learn spells naturally, not from books.
Your magical power is your life essence.
You have superior vitality. (+4 MHP)


Message History

Press: ? - help, Q - select action, (/) - cycle Shift-Dir - straight line, f/p - iguana
Aim: an iguana (lightly wounded, 75% to hit)
The zap hits the iguana.
The iguana is heavily wounded.
Aiming: Shock (safe; 3% risk of failure)
Press: ? - help, Q - select action, (/) - cycle Shift-Dir - straight line, f/p - iguana
Aim: an iguana (heavily wounded, 75% to hit)
The zap misses the iguana.
The iguana hisses menacingly.
Aiming: Shock (safe; 3% risk of failure)
Press: ? - help, Q - select action, (/) - cycle Shift-Dir - straight line, f/p - iguana
Aim: an iguana (heavily wounded, 75% to hit)
The zap misses the iguana.
Aiming: Shock (safe; 3% risk of failure)
Press: ? - help, Q - select action, (/) - cycle Shift-Dir - straight line, f/p - iguana
Aim: an iguana (heavily wounded, 75% to hit)
The zap hits the iguana.
The iguana is heavily wounded.
Aiming: Shock (safe; 3% risk of failure)
Press: ? - help, Q - select action, (/) - cycle Shift-Dir - straight line, f/p - iguana
Aim: an iguana (heavily wounded, 75% to hit)
The zap hits the iguana.
The iguana is severely wounded.
Casting: Shock (safe; 3% risk of failure)
Confirm with . or Enter, or press ? or * to list all spells.
The iguana is struck by an arc of lightning.
The iguana is almost dead.
You are struck by an arc of lightning.
The iguana is struck by an arc of lightning.
You kill the iguana!
The lightning grounds out.
h - 4 scrolls labelled BOPARCH VEIM (gained 1)
You reach down and open the door.
There is an open door here.
There is an open door here.
A hobgoblin comes into view.
Aiming: Shock (safe; 3% risk of failure)
Press: ? - help, Q - select action, (/) - cycle Shift-Dir - straight line, f - hobgoblin
Aim: a hobgoblin (asleep, 100% to hit)
The zap hits the hobgoblin.
The hobgoblin is moderately wounded.
The hobgoblin shouts!
A hobgoblin is nearby!
Casting: Shock (safe; 3% risk of failure)
Confirm with . or Enter, or press ? or * to list all spells.
The hobgoblin is struck by an arc of lightning.
You kill the hobgoblin!
You are struck by an arc of lightning.
The lightning grounds out.
A bat comes into view.
Aiming: Shock (safe; 3% risk of failure)
Press: ? - help, Q - select action, (/) - cycle Shift-Dir - straight line, f - bat
Aim: a bat (57% to hit)
The zap hits the bat.
The bat is moderately wounded.
Aiming: Shock (safe; 3% risk of failure)
Press: ? - help, Q - select action, (/) - cycle Shift-Dir - straight line, f/p - bat
Aim: a bat (moderately wounded, 57% to hit)
The zap hits the bat.
The bat is severely wounded.
Aiming: Shock (safe; 3% risk of failure)
Press: ? - help, Q - select action, (/) - cycle Shift-Dir - straight line, f/p - bat
Aim: a bat (severely wounded, 57% to hit)
The zap misses the bat.
The bat hits you but does no damage.
Aiming: Shock (safe; 3% risk of failure)
Press: ? - help, Q - select action, (/) - cycle Shift-Dir - straight line, f/p - bat
Aim: a bat (severely wounded, 57% to hit)
The zap hits the bat.
You kill the bat!
There is a shaft here.
Things that are here:
a +0 club; a +0 chain mail Done exploring.
Done exploring.
Things that are here:
a +0 club; a +0 chain mail
There is a stone staircase leading down here.
You fly downwards.
The centaur shouts!
The goblin shouts!
There is a stone staircase leading up here.
Casting: Shock (safe; 3% risk of failure)
Confirm with . or Enter, or press ? or * to list all spells.
The spell is extremely dangerous to miscast (30% risk of failure)!
Continue anyway?
Aiming: Airstrike (extremely dangerous; 30% risk of failure)
Press: ? - help, Dir - move target, f - centaur
Aim: a centaur (empty space bonus: 8/8)
You miscast Airstrike.
You are very lightly contaminated with residual magic.
Sparks of electricity dance around you!
Casting: Airstrike (extremely dangerous; 30% risk of failure)
Confirm with . or Enter, or press ? or * to list all spells.
The spell is extremely dangerous to miscast (30% risk of failure)!
Continue anyway?
Aiming: Airstrike (extremely dangerous; 30% risk of failure)
Press: ? - help, Dir - move target, f/p - centaur
Aim: a centaur (empty space bonus: 8/8)
You miscast Airstrike.
Nothing appears to happen.
* * * LOW HITPOINT WARNING * * *
The centaur wields a +0 shortbow.
The centaur shoots an arrow.
The arrow hits you!
You die...

# .# ###.#
#...# #@#
#......g...
..........#..
#.......###.#
#.....c.# #
#.......#
#........
######...


You could see a centaur and a goblin.

Vanquished Creatures
  A hound (D:3)
  An iguana (D:3)
  Ijyb (D:3)
  5 adders
  A worm (D:3)
  A dart slug (D:2)
  An orc (D:3)
  2 endoplasms
  2 giant cockroaches
  6 goblins
  7 hobgoblins
  A kobold (D:2)
  A quokka (D:2)
  6 ball pythons
  4 bats
  A frilled lizard (D:2)
  4 rats
45 creatures vanquished.

Notes
Turn   | Place    | Note
-------+----------+-------------------------------------------
     0 | D:1      | RascalDebosk the Djinni Air Elementalist began the quest
                  | for the Orb.
     0 | D:1      | RascalDebosk set off with the following spells memorised:
                  | Shock, Static Discharge, Swiftness, Airstrike.
     0 | D:1      | Reached XP level 1. HP: 15/15 MP: 0/0
   280 | D:1      | Reached XP level 2. HP: 21/22 MP: 0/0
  1009 | D:2      | Found a faded altar of an unknown god.
  1014 | D:2      | Reached skill level 1 in Fighting
  1014 | D:2      | Reached XP level 3. HP: 17/27 MP: 0/0
  1014 | D:2      | Learned a level 1 spell: Magic Dart
  1825 | D:2      | Reached XP level 4. HP: 31/32 MP: 0/0
  2831 | D:3      | Reached XP level 5. HP: 19/38 MP: 0/0
  2831 | D:3      | Learned a level 2 spell: Blink
  3159 | D:3      | Noticed Ijyb
  3166 | D:3      | Killed Ijyb
  3914 | D:4      | Noticed a centaur
  3916 | D:4      | Shot with an arrow by a centaur

Illustrated notes

Levels and vault maps discovered:
D:1:      lemuel_arrival_funnel, layout_basic, grunt_decor_resistance,
          grunt_decor_arrowhead
D:2:      layout_loops_ring, nicolae_ecumenical_pavilion
D:3:      layout_loops_corners, nrook_loot_triangle, uniq_ijyb
D:4:      layout_basic, temple_doors_e, serial_shops, nicolae_square_shop,
          dreamdust_gnoll_farm

Skill      XL: |  1  2  3  4  5 |
---------------+----------------+-----
Fighting       | 1 2 |  2.2
Spellcasting   | 3 |  3.7
Dodging        | 3 |  3.5
Stealth        | |  1.5

Action                   |  1- 3 |  4- 6 || total
-------------------------+-------+-------++-------
Melee: Dagger            |     1 |       ||     1
 Cast: Shock             |    44 |    49 ||    93
       Static Discharge  |     7 |     8 ||    15
       Airstrike         |       |     4 ||     4
       Blink             |       |     1 ||     1
 Stab: Sleeping          |     1 |       ||     1
Armor: Robe              |       |     2 ||     2
Dodge: Dodged            |     4 |     9 ||    13
